Map: Bel'Shir Vestige LE (Void)

Players

Railgan - Winner!

  • Race: Zerg Zerg
  • League: Grandmaster
  • Spawn Location: 5:00

Sevnin

  • Race: Protoss Protoss
  • League: Master
  • Spawn Location: 11:00

VOD

Have the link to the VOD?

Description

Time

  • Played on: March 24, 2017, 3:06 p.m.
  • Length: 2:31
Show
View Real Time Build Order
Export as new Build Order

Railgan Zerg - Winner!

Build Orders: Pool First 

Get SALT Encoding   

  12  0:19  Spawning Pool  
  11  0:21  Drone  
  11  0:26  Drone  
  13  0:30  Drone  
  14  0:41  Overlord  
  14  0:44  Extractor  
  13  1:06  Zergling x6  
  19  1:18  Zergling x2  
  17  1:33  Hatchery  
  17  1:37  Drone  
  17  1:41  Drone  
  18  2:04  Drone  
  19  2:13  Drone  
  19  2:21  Hatchery  
Show
View Real Time Build Order
Export as new Build Order

Sevnin Protoss 

Build Orders:  

Get SALT Encoding   

  12  0:01  Probe (Chrono Boost)  
  13  0:11  Probe (Chrono Boost)  
  14  0:20  Pylon  
  14  0:23  Probe (Chrono Boost)  
  15  0:38  Probe (Chrono Boost)  
  15  0:42  Gateway  
  16  0:49  Probe (Chrono Boost)  
  17  0:51  Assimilator  
  17  1:00  Probe (Chrono Boost)  
  18  1:10  Probe (Chrono Boost)  
  19  1:21  Probe (Chrono Boost)  
  20  1:26  Zealot  
  20  1:32  Cybernetics Core  
  23  1:33  Probe (Chrono Boost)  
  23  1:35  Pylon  
  23  1:47  Assimilator  
  24  1:55  Probe (Chrono Boost)  
  23  2:20  Pylon  
Tags
 
Add a new tag
Caveats
  • Supply blocks, unpowered buildings, or Contaminate may cause inaccurate times.
  • Supply counts are checked every 10 seconds.